 Dungeon Crawl Stone Soup version 0.31-a0-819-gf6de2f5ab6 (webtiles) character file.

Game seed: 11021542347631696574

356976 Armakuni the Ruinous (level 23, -4/150 HPs)
             Began as a Human Wanderer on Sept 21, 2023.
             Was the Champion of Vehumet.
             Killed from afar by a fire giant (20 damage)
             ... with a fireball
             ... on level 5 of the Vaults on Sept 23, 2023.
             The game lasted 03:39:15 (59751 turns).

Armakuni the Ruinous (Human Wanderer)              Turns: 59751, Time: 03:39:16

Health: -4/150     AC: 12    Str: 13    XL:     23   Next: 38%
Magic:  19/49      EV: 12    Int: 33    God:    Vehumet [******]
Gold:   3171       SH: 11    Dex: 17    Spells: 10/49 levels left

rFire   . . .        a - staff of conjuration
rCold   + + +        K - +0 buckler {rN+}
rNeg    + + +        r - +3 leather armour {Will+}
rPois   +            M - +0 helmet of Vampiric Thralls {Harm rN+}
rElec   .            k - scarf {rC+ rF+}
rCorr   .            V - +0 pair of gloves of Perfidy {MP+9 Str-4 Slay+4}
SInv    .            i - +0 pair of boots "Vyhof" {rPois rN+}
Will    +++..        H - amulet of Xom's Best Wishes {Reflect Dex+4 SH+5}
Stlth   ++           P - ring "Agaif" {Fly rC+ Str+3 Int+5 Stlth+}
HPRegen 0.45/turn    J - ring "Pacex" {Ice Will+ Int+3 Dex+3}
MPRegen 0.31/turn

%: harm (+30% outgoing, +20% incoming), reflection
@: flying, studying Long Blades
A: iridescent scales 1
}: 2/15 runes: decaying, gossamer
a: Renounce Religion


You were on level 5 of the Vaults.
You worshipped Vehumet.
Vehumet was exalted by your worship.
You visited 8 branches of the dungeon, and saw 39 of its levels.
You also visited: Gauntlet and Ice Cave.

You collected 4248 gold pieces.
You spent 1077 gold pieces at shops.

Inventory:

Armour
 i - the +0 pair of boots "Vyhof" (worn) {rPois rN+}
   (You found it on level 5 of the Dungeon)

   rPois:     It protects you from poison rN+: It protects you from negative
   energy.
 k - a scarf of resistance (worn)
 r - a +3 leather armour of willpower (worn)
 K - a +0 buckler of positive energy (worn)
 M - the +0 helmet of Vampiric Thralls (worn) {Harm rN+}
   (You found it on level 4 of the Vaults)

   rN+:       It protects you from negative energy.
   Harm:      It increases damage dealt and taken.
 V - the +0 pair of gloves of Perfidy (worn) {MP+9 Str-4 Slay+4}
   (You found it on level 12 of the Dungeon)

   Str-4:     It affects your strength (-4).
   Slay+4:    It affects your accuracy & damage with ranged weapons and melee
   (+4).
   MP+9:      It affects your magic capacity (+9).
Magical Staves
 a - a staff of conjuration (weapon)
Jewellery
 H - the amulet of Xom's Best Wishes (around neck) {Reflect Dex+4 SH+5}
   (You found it on level 3 of the Spider Nest)

   [amulet of reflection]

   Reflect:   It reflects blocked missile attacks.
   Dex+4:     It affects your dexterity (+4).
   SH+5:      It affects your SH (+5).
 J - the ring "Pacex" (right hand) {Ice Will+ Int+3 Dex+3}
   (You found it in an ice cave)

   [ring of ice]

   Ice:       It enhances your ice magic.
   Int+3:     It affects your intelligence (+3).
   Dex+3:     It affects your dexterity (+3).
   rF-:       It makes you vulnerable to fire.
   rC+:       It protects you from cold.
   Will+:     It increases your willpower.
 P - the ring "Agaif" (left hand) {Fly rC+ Str+3 Int+5 Stlth+}
   (You took it off a minotaur in a Gauntlet)

   [ring of protection from cold]

   Str+3:     It affects your strength (+3).
   Int+5:     It affects your intelligence (+5).
   rC+:       It protects you from cold.
   Fly:       It grants you flight.
   Stlth+:    It makes you more stealthy.
Talismans
 Y - a talisman of death
Wands
 c - a wand of charming (17)
 d - a wand of digging (6)
 j - a wand of iceblast (37)
 p - a wand of polymorph (17)
 v - a wand of flame (77)
 A - a wand of mindburst (7)
 W - a wand of light (6)
Scrolls
 b - a scroll of enchant weapon
 e - 3 scrolls of enchant armour
 f - 5 scrolls of vulnerability
 g - 4 scrolls of butterflies
 s - 20 scrolls of identify
 u - a scroll of revelation
 y - 8 scrolls of noise
 z - 4 scrolls of immolation
 B - a scroll of silence
 C - 7 scrolls of fear
 I - 6 scrolls of fog
 L - a scroll of poison
 N - 14 scrolls of teleportation
 S - 3 scrolls of amnesia
Potions
 h - 4 potions of cancellation
 l - 2 potions of resistance
 m - 2 potions of invisibility
 n - 4 potions of enlightenment
 q - 19 potions of curing
 w - 5 potions of brilliance
 x - 3 potions of magic
 E - 5 potions of mutation
 F - 7 potions of ambrosia
 G - 6 potions of lignification
 O - 2 potions of haste
 Q - 4 potions of might
 T - a potion of heal wounds
Miscellaneous
 t - a tin of tremorstones (2/2)
 D - a phial of floods
 R - a box of beasts
 U - a phantom mirror
 X - a lightning rod (4/4)


   Skills:
 - Level 5.0 Fighting
 - Level 4.0(8.5) Maces & Flails
 - Level 11.7(12.0) Staves
 - Level 5.0 Armour
 - Level 3.0 Dodging
 - Level 7.0 Shields
 - Level 13.9 Spellcasting
 + Level 25.9 Conjurations
 - Level 10.0 Necromancy
 - Level 4.0 Translocations
 - Level 15.9 Ice Magic
 - Level 4.0 Air Magic
 - Level 9.4 Earth Magic
 - Level 10.0 Evocations


You had 10 spell levels left.
You knew the following spells:

 Your Spells              Type           Power      Damage    Failure   Level
a - Apportation           Tloc           98%        N/A       1%          1
j - Freezing Cloud        Conj/Ice/Air   67%        6-21      1%          5
l - Lesser Beckoning      Tloc           98%        N/A       1%          2
m - Iskenderun's Mystic   Conj/Tloc      100%       2d19      1%          4
o - Orb of Destruction    Conj           69%        9d16      1%          7
r - Ozocubu's Refrigerat  Ice            56%        4d20      1%          7
s - Sublimation of Blood  Necr           73%        N/A       1%          2
v - Borgnjor's Vile Clut  Necr/Erth      36%        N/A       1%          5
z - Bombard               Conj/Erth      59%        9d10      1%          6

Your spell library contained the following spells:

 Spells                   Type           Power      Damage    Failure   Level
 Fire Storm               Conj/Fire      52%        8d13      97%         9
 Maxwell's Capacitive Co  Air            24%        ∞         100%        8
 Shatter                  Erth           35%        3d28*     100%        9
 Foxfire                  Conj/Fire      100%       2x1d9     0%          1
 Freeze                   Ice            100%       1d10      0%          1
 Magic Dart               Conj           100%       1d8       0%          1
 Shock                    Conj/Air       100%       1d9       0%          1
 Searing Ray              Conj           100%       2d8       0%          2
 Frozen Ramparts          Ice            100%       1d16      0%          3
 Hailstorm                Conj/Ice       100%       3d20      0%          3
 Brom's Barrelling Bould  Conj/Erth      100%       2d11      0%          4
 Iskenderun's Battlesphe  Conj           100%       2d15      0%          5
 Ensorcelled Hibernation  Hex/Ice        100%       N/A       1%          2
 Passwall                 Tmut/Erth      43%        N/A       1%          2
 Gell's Gravitas          Tloc           49%        N/A       1%          3
 Swiftness                Air            49%        N/A       1%          3
 Teleport Other           Tloc           49%        N/A       1%          3
 Volatile Blastmotes      Fire/Tloc      72%        2d16      1%          3
 Airstrike                Air            24%        2d(4-20)  1%          4
 Fulminant Prism          Conj/Hex       52%        3d23      1%          4
 Summon Ice Beast         Ice/Summ       85%        N/A       1%          4
 Arcjolt                  Conj/Air       55%        1d65      1%          5
 Irradiate                Conj/Tmut      52%        3d29      1%          5
 Ignite Poison            Fire/Tmut/Pois 22%        N/A       2%          3
 Inner Flame              Hex/Fire       22%        N/A       2%          3
 Spellforged Servitor     Conj/Summ      52%        N/A       3%          7
 Jinxbite                 Hex            44%        N/A       4%          2
 Petrify                  Tmut/Erth      52%        N/A       4%          4
 Yara's Violent Unravell  Hex/Tmut       11%        3d6       22%         5
 Summon Forest            Summ/Tloc      18%        N/A       36%         5
 Alistair's Intoxication  Tmut/Pois      14%        N/A       65%         5
 Summon Mana Viper        Hex/Summ       22%        N/A       65%         5
 Eringya's Noxious Bog    Tmut/Pois      11%        4d6       71%         6
 Haunt                    Necr/Summ      27%        N/A       98%         7
 Borgnjor's Revivificati  Necr           36%        N/A       98%         8
 Enfeeble                 Hex            11%        N/A       100%        7
 Monstrous Menagerie      Summ           11%        N/A       100%        7
 Summon Hydra             Summ           11%        N/A       100%        7
 Death's Door             Necr           36%        N/A       100%        9


Dungeon Overview and Level Annotations

Branches:
Dungeon (15/15)            Temple (1/1) D:5            Lair (5/5) D:9
  Swamp (4/4) Lair:3       Spider (4/4) Lair:2        Slime (0/5) Lair:5
    Orc (2/2) D:10            Elf (3/3) Orc:2        Vaults (5/5) D:14
  Crypt (0/3) Vaults:2     Depths (0/4) D:15          IceCv (visited)
Gauntlet (visited)

Altars:
Ashenzari
Cheibriados
Dithmenos
Elyvilon
Fedhas
Gozag
Hepliaklqana
Kikubaaqudgha
Makhleb
Nemelex Xobeh
Okawaru
Qazlal
Ru
Sif Muna
Trog
Uskayaw
Vehumet
Wu Jian
Xom
Yredelemnul
Zin
The Shining One
Jiyva

Shops:
D:3 *   D:4 [   Orc:1 (   Orc:2 *=:*   Elf:1 [   Elf:2 *

Portals:
Trove: Elf:3 (give horn of Geryon)

Annotations:
D:11 Fannar
Elf:1 6 runed translucent doors
Elf:2 3 runed translucent doors
Vaults:3 exclusions: door and 1 more exclusion, Mennas
Vaults:4 2 transporters, exclusion: orange crystal statue
Vaults:5 Xtahua


Innate Abilities, Weirdness & Mutations

You are partially covered in iridescent scales. (AC +2)


Message History

Aim: Xtahua (moderately wounded, 87% to hit)
You feel a surge of power!
The iron shot hits Xtahua!!!
Xtahua is severely wounded.
You are engulfed in blazing flames.
* * * LOW HITPOINT WARNING * * *
Xtahua breathes fire at you. The searing blast misses you.
You hear a shout!
There is an open door here.
Blink to where?
Press: ? - help, Dir - move target A tengu reaver and a shadow dragon come into view.
The tengu reaver is wielding a +0 great sword of protection.
Found a ring mail, 3 stones, a glowing spear and 35 gold pieces.
As you read the scroll of blinking, it crumbles to dust.
The tengu reaver shouts!
You hear a shout! x2
A tengu reaver comes into view. It is wielding a +0 great sword.
You hear a shout!
The tengu reaver shouts!
Blink to where?
Press: ? - help, Dir - move target
Found 47 gold pieces.
As you read the scroll of blinking, it crumbles to dust.
A tengu reaver comes into view.
It is wielding a +0 long sword and wearing a +0 buckler of protection.
You reach down and close the door.
A fire giant comes into view.
It is wielding a +2 great sword of flaming.
You feel much better.
The fire giant shouts!
The tengu reaver shouts!
Casting: Bombard (mildly dangerous; 1% risk of failure)
Confirm with . or Enter, or press ? or * to list all spells.
You feel a surge of power!
The heat is drained from your surroundings.
The fire giant is heavily wounded.
The tengu reaver is severely wounded.
The tengu reaver points at you and mumbles some strange words.
The bolt of lightning misses you. The bolt of lightning hits you!!!
* * * LOW HITPOINT WARNING * * *
A deep troll comes into view.
The fire giant gestures at you while chanting.
The fireball explodes!
The fireball engulfs you!!
You die...

#....#() ## ....'##+. ..
..T #.Q..[.....# '##'##+
#'##+##+##'#
C.....###..........##..
#'....Q....D##§....#..
#....#....#[☼#....#..
#$.#....#....#)D#e...#..
#'...@+....+##'.)..#..
...Q...###........))##[.
####### ###########.D[[
#####).e. .........[<
.......[[<. .........[<
........... #######....


You could see a fire giant, 2 tengu reavers and a deep troll.

Vanquished Creatures
  the Lernaean hydra (Swamp:4)
  Saint Roka (Vaults:2)
  Norris (Vaults:1)
  Arachne (Spider:2)
  Jorgrun (Elf:2)
  Asterion (Vaults:1)
  Mlioglotl (Spider:4)
  2 deep elf blademasters (Elf:3)
  A deep elf master archer (Elf:3)
  A titan (Vaults:5)
  An acid blob (D:14)
  3 sphinxes
  The ghost of Duhoah Foli the Severer, an adept AtWn of Uskayaw (Spider:3)
  The ghost of Takeo the Metamorph, an adept NaSh of Gozag (Spider:2)
  Gastronok (Lair:1)
  Kirke (Lair:4)
  A tengu reaver (Vaults:3)
  2 storm dragons
  Roxanne (Spider:2)
  A shadow dragon (Vaults:5)
  2 fenstrider witches
  A rockslime (D:14)
  A fire giant (Vaults:5)
  7 emperor scorpions
  5 deep elf sorcerers (Elf:3)
  9 vault wardens
  The ghost of Tungsten the Carver, a journeyman GnRe of Fedhas (D:12)
  3 deep elf elementalists
  4 orc warlords
  3 ghost moths
  3 very ugly things
  13 ironbound thunderhulks
  The ghost of Safywk the Warrior, a journeyman MiFi of Gozag (D:14)
  A war gargoyle (Vaults:1)
  A reaper (IceCv)
  7 ironbound preservers
  A stone giant (Vaults:1)
  4 deep elf demonologists (Elf:3)
  Azrael (D:15)
  6 eleionomae
  5 bunyips
  8 dire elephants
  4 deep elf annihilators (Elf:3)
  A spark wasp (Spider:3)
  A minotaur (Gauntlet)
  An ettin (shapeshifter) (Elf:2)
  A crystal guardian (Vaults:1)
  8 deep elf death magi
  Snorg (D:10)
  4 ettins
  11 yaktaur captains
  2 shambling mangroves
  3 entropy weavers
  Josephine (D:10)
  5 great orbs of eyes
  9 deep elf high priests
  Harold (D:10)
  A peacekeeper (Vaults:1)
  8 alligators
  A catoblepas (Lair:5)
  16 hydras
  35 vault guards
  11 two-headed ogres
  A jorogumo (Spider:3)
  An ogre mage (D:15)
  A merfolk avatar (Lair:5)
  12 centaur warriors
  2 ghost crabs
  11 ironbound frosthearts
  3 radroaches
  16 dancing weapons
  7 boulder beetles
  A death scarab (Spider:4)
  3 death yaks (Lair:4)
  8 demonic crawlers
  A tengu warrior (D:15)
  2 spectral emperor scorpions (Spider:3)
  2 orc high priests
  20 deep elf knights
  2 spectral ghost moths (Spider:3)
  Nergalle (D:11)
  5 goliath frogs
  2 pharaoh ants (Spider:3)
  8 skysharks
  2 glowing orange brains
  A storm dragon skeleton (Vaults:2)
  2 sun moths
  A bunyip zombie (Swamp:3)
  2 spriggan druids
  13 deep trolls
  19 deep elf archers
  15 swamp dragons
  6 orb spiders
  6 lindwurms
  Pikel (D:8)
  5 bog bodies
  An orb spider (shapeshifter) (Vaults:5)
  11 ironbound convokers
  11 orc knights
  42 deep elf pyromancers
  4 harpies
  39 deep elf zephyrmancers
  An alligator zombie (Swamp:3)
  5 necromancers
  8 orc sorcerers
  11 steelbarb worms
  6 wizards
  2 oklob plants (Lair:5)
  16 wolf spiders
  A salamander (shapeshifter) (D:10)
  17 ugly things
  4 manticores
  3 moths of wrath
  Maurice (D:13)
  3 cyclopes
  6 elephants
  5 torpor snails
  A frost giant skeleton (Vaults:1)
  2 will-o-the-wisps (Swamp:2)
  An ice statue (IceCv)
  An elf zombie (Vaults:2)
  10 vault sentinels
  10 cane toads
  2 molten gargoyles (Lair:3)
  6 black mambas
  An emperor scorpion simulacrum (Spider:3)
  Psyche (D:8)
  2 yaktaur zombies
  2 unseen horrors
  26 yaktaurs
  6 komodo dragons
  An elf skeleton (Vaults:1)
  3 freezing wraiths
  A komodo dragon (shapeshifter) (Elf:1)
  5 rime drakes
  A tengu conjurer (D:15)
  A bunyip simulacrum (Swamp:3)
  7 trolls
  An anaconda simulacrum (IceCv)
  A ghost moth simulacrum (Spider:3)
  3 ice devils
  7 meliai
  A bloated husk (Swamp:2)
  3 polar bears
  6 tyrant leeches
  12 hornets
  Grinder (D:3)
  10 saltlings (Orc:2)
  27 tarantellas
  10 blink frogs
  A raiju (Gauntlet)
  2 wind drakes (Lair:5)
  16 slime creatures
  19 jumping spiders
  A culicivora (shapeshifter) (Elf:3)
  3 air elementals
  5 water elementals
  2 shadows (D:9)
  7 spriggans
  4 wyverns
  6 wraiths
  An ettin skeleton (Vaults:2)
  2 vampires
  2 golden eyes (D:14)
  14 culicivoras
  3 dire elephant simulacra (IceCv)
  3 fire elementals
  5 basilisks
  3 hogs (Lair:4)
  3 fire bats (Orc:2)
  A death yak simulacrum (IceCv)
  53 yaks
  3 steam dragons
  9 vampire mosquitoes
  33 redbacks
  A yaktaur simulacrum (Vaults:2)
  2 spectral entropy weavers (Spider:3)
  2 wargs
  A swamp worm (shapeshifter) (Vaults:4)
  A harpy simulacrum (IceCv)
  21 swamp worms
  17 water moccasins
  2 acid dragons
  6 hell hounds (D:15)
  An ogre skeleton (Vaults:2)
  An ice beast (D:5)
  7 swamp drakes
  10 black bears
  2 sky beasts (D:7)
  9 ogres
  31 orc warriors
  A boggart (shapeshifter) (Elf:1)
  14 wolves
  12 centaurs
  3 lemures (D:8)
  2 phantoms (D:6)
  2 kobold brigands
  3 scorpions
  9 bullfrogs
  4 earth elementals
  4 two-headed ogre simulacra (IceCv)
  A cane toad simulacrum (IceCv)
  A gnoll sergeant (Orc:1)
  10 wights
  2 elephant simulacra (IceCv)
  2 human simulacra
  27 killer bees
  4 howler monkeys
  5 lava snakes (Lair:3)
  6 electric eels
  4 hounds
  17 orc priests
  2 jellies
  A gnoll bouda (D:8)
  6 iguanas
  21 orc wizards
  2 polar bear simulacra (IceCv)
  4 spriggan simulacra (IceCv)
  A wolf simulacrum (IceCv)
  7 troll simulacra (IceCv)
  12 gnolls
  9 adders
  6 naga simulacra (IceCv)
  5 shadow imps
  13 white imps
  15 ufetubi
  5 worms
  6 dart slugs
  75 orcs
  7 endoplasms
  2 giant cockroaches
  9 goblins
  6 hobgoblins
  18 kobolds
  5 quokkas
  6 ball pythons
  4 bats
  2 frilled lizards
  4 rats (D:2)
  2 butterflies (Lair:5)
1490 creatures vanquished.

Vanquished Creatures (collateral kills)
  A swamp dragon (Swamp:4)
  A black mamba (Lair:5)
  2 ogres (Orc:2)
4 creatures vanquished.

Vanquished Creatures (others)
  A sea snake (Lair:5)
  A human (Lair:4)
  A wyvern (D:9)
  A yak (D:9)
  A killer bee (D:10)
  A howler monkey (D:8)
  2 foxfires (Swamp:2)
8 creatures vanquished.

Grand Total: 1502 creatures vanquished

Notes
Turn   | Place    | Note
-------+----------+-------------------------------------------
     0 | D:1      | Armakuni the Human Wanderer began the quest for the Orb.
     0 | D:1      | Armakuni set off with the following items: a +3 mace, a
                  | scroll of blinking, a +0 robe.
     0 | D:1      | Reached XP level 1. HP: 19/19 MP: 3/3
    96 | D:1      | Reached skill level 1 in Staves
   144 | D:1      | Reached XP level 2. HP: 10/25 MP: 5/5
   682 | D:1      | Reached XP level 3. HP: 30/30 MP: 6/6
   842 | D:2      | Reached XP level 4. HP: 37/37 MP: 7/7
  1741 | D:3      | Reached XP level 5. HP: 5/42 MP: 8/8
  1900 | D:3      | Reached skill level 1 in Armour
  2355 | D:3      | You fall into a shaft and drop 1 floor!
  2674 | D:4      | Found Ocoter's Armour Shoppe.
  2693 | D:4      | Reached XP level 6. HP: 39/48 MP: 9/9
  2740 | D:4      | Bought a +0 pair of boots for 45 gold pieces
  3037 | D:4      | Noticed Grinder
  3048 | D:4      | Gained mutation: You are partially covered in iridescent
                  | scales. (AC +2) [potion of mutation]
  3233 | D:3      | Found Raghe's General Store.
  3241 | D:3      | Bought a potion of heal wounds for 50 gold pieces
  3241 | D:3      | Bought a potion of curing for 30 gold pieces
  3501 | D:3      | Killed Grinder
  3502 | D:3      | Reached skill level 10 in Staves
  3502 | D:3      | Reached XP level 7. HP: 41/54 MP: 10/10
  4151 | D:5      | Entered Level 5 of the Dungeon
  4210 | D:5      | Learned a level 1 spell: Shock
  4292 | D:5      | Reached XP level 8. HP: 38/60 MP: 11/11
  4400 | D:5      | Reached skill level 1 in Conjurations
  4569 | D:5      | Identified the +0 pair of boots "Vyhof" {rPois rN+}
  4753 | D:5      | Reached skill level 2 in Conjurations
  5081 | D:5      | Reached skill level 3 in Conjurations
  5444 | D:5      | Reached skill level 4 in Conjurations
  5563 | D:5      | Found a staircase to the Ecumenical Temple.
  5572 | Temple   | Entered the Ecumenical Temple
  5587 | Temple   | Became a worshipper of Vehumet
  6010 | D:6      | Reached skill level 5 in Conjurations
  6010 | D:6      | Reached XP level 9. HP: 46/65 MP: 5/12
  6316 | D:6      | Reached skill level 6 in Conjurations
  6829 | D:6      | Identified the ring of Carphyani {rC++ AC+4}
  7251 | D:7      | Reached skill level 1 in Evocations
  7359 | D:7      | Reached skill level 7 in Conjurations
  7518 | D:7      | Reached * piety under Vehumet
  7518 | D:7      | Offered knowledge of Magic Dart by Vehumet.
  8056 | D:7      | Reached XP level 10. HP: 63/71 MP: 8/13
  8437 | D:8      | Found an opulent altar of Gozag.
  8509 | D:8      | Identified the +3 leather armour of Indecent Exposure
                  | {Drain rElec rPois MP+9}
  8643 | D:8      | Noticed a two-headed ogre
  8649 | D:8      | Reached skill level 8 in Conjurations
  8664 | D:8      | Killed a two-headed ogre
  8872 | D:8      | Reached skill level 5 in Evocations
  8904 | D:8      | Noticed a two-headed ogre
  8911 | D:8      | Killed a two-headed ogre
  8912 | D:8      | Reached skill level 9 in Conjurations
  9044 | D:8      | Learned a level 3 spell: Hailstorm
  9103 | D:8      | Noticed Psyche
  9113 | D:8      | Noticed Pikel
  9121 | D:8      | Killed Psyche
  9122 | D:8      | Reached XP level 11. HP: 70/77 MP: 8/14
  9137 | D:8      | Killed Pikel
  9138 | D:8      | Reached skill level 10 in Conjurations
  9147 | D:8      | Reached ** piety under Vehumet
  9147 | D:8      | Offered knowledge of Momentum Strike by Vehumet.
  9152 | D:8      | Learned a level 3 spell: Frozen Ramparts
  9331 | D:8      | Found a basalt altar of Yredelemnul.
  9420 | D:8      | Identified the +0 pair of boots of Gouc {+Blink Fly rCorr
                  | Dex-2}
  9750 | D:9      | Reached skill level 1 in Ice Magic
  9750 | D:9      | Found a shimmering altar of Xom.
 10145 | D:9      | Found a staircase to the Lair.
 10145 | D:9      | Noticed an elephant
 10156 | D:9      | Killed an elephant
 10233 | D:9      | Found a snail-covered altar of Cheibriados.
 10334 | D:9      | Reached skill level 5 in Ice Magic
 10779 | D:10     | Entered Level 10 of the Dungeon
 10788 | D:9      | Offered knowledge of Mephitic Cloud by Vehumet.
 11173 | D:10     | Noticed Harold
 11198 | D:10     | Killed Harold
 11355 | D:10     | Noticed Snorg
 11365 | D:10     | Killed Snorg
 11398 | D:10     | Reached *** piety under Vehumet
 11534 | D:10     | Identified the amulet of Uchuh {Faith rElec rF++ Str+2}
 11549 | D:10     | Noticed a salamander
 11552 | D:10     | Killed a salamander
 11553 | D:10     | Reached XP level 12. HP: 66/73 MP: 15/15
 11647 | D:10     | Found a staircase to the Orcish Mines.
 11702 | D:10     | Noticed a boulder beetle
 11719 | D:10     | Killed a boulder beetle
 11846 | D:10     | Noticed Josephine
 11856 | D:10     | Killed Josephine
 12138 | Orc:1    | Entered Level 1 of the Orcish Mines
 12145 | Orc:1    | Reached skill level 10 in Ice Magic
 12202 | Orc:2    | Entered Level 2 of the Orcish Mines
 12202 | Orc:2    | Noticed an ettin
 12208 | Orc:2    | Offered knowledge of Volatile Blastmotes by Vehumet.
 12212 | Orc:2    | Killed an ettin
 12515 | Lair:1   | Entered Level 1 of the Lair of Beasts
 12865 | D:11     | Reached **** piety under Vehumet
 12957 | D:11     | Noticed Fannar
 13002 | D:11     | Noticed Nergalle
 13062 | D:11     | Found a frozen archway.
 13072 | IceCv    | Entered an ice cave
 13095 | IceCv    | Offered knowledge of Dazzling Flash by Vehumet.
 13107 | IceCv    | Reached skill level 1 in Dodging
 13583 | IceCv    | Reached ***** piety under Vehumet
 13583 | IceCv    | Offered knowledge of Bombard by Vehumet.
 13594 | IceCv    | Learned a level 6 spell: Bombard
 13896 | IceCv    | Reached skill level 5 in Armour
 14034 | IceCv    | Reached skill level 5 in Fighting
 14056 | IceCv    | Noticed a reaper
 14099 | IceCv    | Killed a reaper
 14100 | IceCv    | Reached XP level 13. HP: 68/91 MP: 2/16
 14364 | IceCv    | Identified the staff "Sorumeil" {rPois rN+ Necro}
 14386 | IceCv    | Identified the ring "Pacex" {Ice Will+ Int+3 Dex+3}
 14795 | D:3      | Bought a scroll of poison for 40 gold pieces
 14795 | D:3      | Bought a potion of mutation for 80 gold pieces
 15211 | Orc:2    | Found a radiant altar of Vehumet.
 15214 | Orc:2    | Found a staircase to the Elven Halls.
 15226 | Orc:2    | Reached skill level 5 in Earth Magic
 15305 | Orc:1    | Noticed an orc warlord
 15459 | Orc:2    | Noticed Sonja
 15461 | Orc:2    | Sonja changed into Sonja the worm
 15461 | Orc:2    | Noticed Sonja
 15468 | Orc:2    | Killed Sonja the worm
 15737 | Orc:2    | Offered knowledge of Orb of Destruction by Vehumet.
 15976 | Orc:2    | Noticed an ettin
 15981 | Orc:2    | Killed an ettin
 16605 | Orc:2    | Found Voezxej's Book Shop.
 16605 | Orc:2    | Noticed an ettin
 16618 | Orc:2    | Killed an ettin
 16710 | Orc:2    | Bought a book of Blasting for 392 gold pieces
 16715 | Orc:2    | Learned a level 4 spell: Iskenderun's Mystic Blast
 16730 | Orc:2    | Noticed an orc warlord
 16736 | Orc:2    | Reached skill level 1 in Translocations
 16889 | Orc:2    | Found Podaedar's General Store.
 16894 | Orc:2    | Bought a scroll of poison for 52 gold pieces
 16991 | Orc:2    | Found Ucerae Tepno's Jewellery Boutique.
 16993 | Orc:2    | Found Bulib's General Store.
 16998 | Orc:2    | Bought a scroll of teleportation for 42 gold pieces
 16998 | Orc:2    | Bought a scroll of immolation for 56 gold pieces
 17205 | Lair:1   | Reached XP level 14. HP: 74/98 MP: 7/18
 17542 | Lair:1   | Reached skill level 5 in Spellcasting
 17868 | Lair:1   | Learned a level 7 spell: Orb of Destruction
 18213 | Lair:1   | Noticed Gastronok
 18223 | Lair:1   | Killed Gastronok
 18627 | Lair:2   | Found a hole to the Spider Nest.
 18965 | Lair:2   | Offered knowledge of Freezing Cloud by Vehumet.
 18972 | Lair:2   | Learned a level 5 spell: Freezing Cloud
 18975 | Lair:2   | Identified the +4 quarterstaff of the Eight Tales {heavy,
                  | rElec}
 19152 | Lair:2   | Reached skill level 1 in Air Magic
 20246 | Lair:3   | Found a staircase to the Swamp.
 20611 | Lair:4   | Reached XP level 15. HP: 68/103 MP: 24/28
 20664 | Lair:4   | Noticed Kirke
 20682 | Lair:4   | Noticed a sphinx
 20684 | Lair:4   | Killed Kirke
 20685 | Lair:4   | Reached skill level 10 in Spellcasting
 21071 | Lair:4   | Noticed Nessos
 21072 | Lair:4   | Nessos changed into Nessos the orb spider
 21072 | Lair:4   | Noticed Nessos
 21078 | Lair:4   | Killed Nessos the orb spider
 21079 | Lair:4   | Reached skill level 11 in Conjurations
 21546 | Lair:5   | Entered Level 5 of the Lair of Beasts
 21972 | Lair:5   | Reached skill level 12 in Conjurations
 22177 | Lair:5   | Offered knowledge of Irradiate by Vehumet.
 22541 | Lair:5   | Found a viscous altar of Jiyva.
 22542 | Lair:5   | Found a staircase to the Slime Pits.
 22561 | Lair:5   | Reached skill level 13 in Conjurations
 23190 | D:11     | Killed Nergalle
 23785 | D:12     | Found a gate leading to a gauntlet.
 23795 | Gauntlet | Entered a Gauntlet
 23795 | Gauntlet | Found a transporter.
 23805 | Gauntlet | Found a transporter.
 23820 | Gauntlet | Found a transporter.
 23825 | Gauntlet | Found a transporter.
 23842 | Gauntlet | Found a transporter.
 23860 | Gauntlet | Found a transporter.
 23868 | Gauntlet | Found a large runed translucent door.
 23869 | Gauntlet | Found a large runed translucent door.
 23870 | Gauntlet | Found a large runed translucent door.
 23870 | Gauntlet | Found a large runed translucent door.
 23870 | Gauntlet | Found the +3 Mad Mage's Maulers {Infuse+∞ VampMP -Cast}
 23871 | Gauntlet | Found a runed translucent gate.
 23872 | Gauntlet | Found a transporter.
 23872 | Gauntlet | Found a runed translucent gate.
 23873 | Gauntlet | Found a runed translucent gate.
 23874 | Gauntlet | Found a large runed translucent door.
 23874 | Gauntlet | Found a large runed translucent door.
 23875 | Gauntlet | Found a large runed translucent door.
 23876 | Gauntlet | Found a large runed translucent door.
 23884 | Gauntlet | Found a transporter.
 23886 | Gauntlet | Found a large runed translucent door.
 23886 | Gauntlet | Found a large runed translucent door.
 23886 | Gauntlet | Found a runed translucent door.
 23886 | Gauntlet | Found a runed translucent door.
 23887 | Gauntlet | Found a large runed translucent door.
 23888 | Gauntlet | Found a large runed translucent door.
 23890 | Gauntlet | Found a transporter.
 23905 | Gauntlet | Found a transporter.
 23917 | Gauntlet | Found a transporter.
 23936 | Gauntlet | Found a transporter.
 23951 | Gauntlet | Found a transporter.
 23953 | Gauntlet | Found a transporter.
 23979 | Gauntlet | Found a transporter.
 23981 | Gauntlet | Found a transporter.
 24001 | Gauntlet | Found a transporter.
 24075 | Gauntlet | Found a large runed translucent door.
 24075 | Gauntlet | Found a large runed translucent door.
 24076 | Gauntlet | Found a large runed translucent door.
 24077 | Gauntlet | Found a large runed translucent door.
 24113 | Gauntlet | Found a transporter.
 24407 | Gauntlet | Identified the amulet "Jyusmuiz" {Spirit rElec rC+++ Int-4
                  | SInv}
 24413 | Gauntlet | Identified the ring "Agaif" {Fly rC+ Str+3 Int+5 Stlth+}
 24484 | Gauntlet | Got a sooty book
 24634 | D:12     | Found a large runed translucent door.
 24634 | D:12     | Found a large runed translucent door.
 24637 | D:12     | Noticed Tungsten's ghost (journeyman GnRe)
 24702 | D:12     | Killed Tungsten's ghost
 24715 | D:12     | Identified the +0 pair of gloves of Perfidy {MP+9 Str-4
                  | Slay+4}
 25077 | D:12     | Reached skill level 14 in Conjurations
 25551 | D:12     | Reached XP level 16. HP: 109/109 MP: 30/30
 26240 | D:13     | Identified the +1 ring mail of Shadows and Fog {-Tele Str+3
                  | Int+5}
 26775 | D:13     | Noticed Maurice
 26779 | D:13     | Killed Maurice
 27056 | D:13     | Found an ancient bone altar of Kikubaaqudgha.
 27298 | D:14     | Found a bloodstained altar of Trog.
 27312 | D:14     | Learned a level 1 spell: Apportation
 27391 | D:14     | Found a runed translucent gate.
 27407 | D:14     | Reached skill level 15 in Conjurations
 27571 | D:14     | Found the +7 hand cannon "Mule" {flame, backblast, rF+}
 27653 | D:14     | Found a runed translucent gate.
 27653 | D:14     | Found a runed translucent gate.
 27654 | D:14     | Noticed a rockslime
 27656 | D:14     | Noticed Safywk's ghost (journeyman MiFi)
 27656 | D:14     | Noticed an acid blob
 27659 | D:14     | Found a viscous altar of Jiyva.
 28080 | D:14     | Found a gate to the Vaults.
 28550 | D:15     | Entered Level 15 of the Dungeon
 28756 | D:15     | Reached skill level 16 in Conjurations
 29124 | D:15     | Noticed Azrael
 29134 | D:15     | Killed Azrael
 29457 | D:15     | Reached skill level 17 in Conjurations
 29512 | D:15     | Found a staircase to the Depths.
 30378 | Elf:1    | Entered Level 1 of the Elven Halls
 30402 | Elf:1    | Reached ****** piety under Vehumet
 30531 | Orc:1    | Offered knowledge of Plasma Beam by Vehumet.
 30535 | Orc:1    | Learned a level 2 spell: Sublimation of Blood
 30544 | Orc:1    | Learned a level 2 spell: Lesser Beckoning
 30556 | Orc:1    | Found Jiryliar's Firing Range.
 30631 | Orc:1    | Reached XP level 17. HP: 112/115 MP: 30/31
 30936 | Elf:1    | Reached skill level 1 in Necromancy
 31154 | Elf:1    | Paralysed by an air elemental for 1 turns
 31567 | Elf:1    | Reached skill level 5 in Necromancy
 31728 | Elf:1    | Upgraded the game from 0.31-a0-803-g95b03c3367 to
                  | 0.31-a0-816-gd61d57ddb1
 33430 | Elf:1    | Found a runed translucent gate.
 33430 | Elf:1    | Found a runed translucent gate.
 33430 | Elf:1    | Found a runed translucent gate.
 33430 | Elf:1    | Found a runed translucent gate.
 33430 | Elf:1    | Found a runed translucent gate.
 33431 | Elf:1    | Found a runed translucent gate.
 33442 | Elf:1    | Noticed a storm dragon
 33561 | Elf:1    | Found Faupt's Armour Shop.
 33907 | Elf:2    | Paralysed by an air elemental for 1 turns
 33908 | Elf:2    | Noticed Jorgrun
 33913 | Elf:2    | Killed Jorgrun
 33916 | Elf:2    | HP: 3/115 [deep elf zephyrmancer/bolt of lightning (5)]
 34468 | Elf:2    | Reached skill level 10 in Necromancy
 34470 | Elf:2    | Reached XP level 18. HP: 75/121 MP: 21/33
 34757 | Elf:2    | Offered knowledge of Yara's Violent Unravelling by Vehumet.
 34761 | Elf:2    | Reached skill level 18 in Conjurations
 35383 | Elf:2    | Found a runed translucent gate.
 35384 | Elf:2    | Found a runed translucent gate.
 35385 | Elf:2    | Found a runed translucent gate.
 35464 | Elf:2    | Found Qunt's Assorted Antiques.
 35622 | Elf:2    | Bought a potion of haste for 290 gold pieces
 36060 | Elf:2    | Upgraded the game from 0.31-a0-816-gd61d57ddb1 to
                  | 0.31-a0-819-gf6de2f5ab6
 36066 | Elf:2    | Learned a level 5 spell: Borgnjor's Vile Clutch
 36122 | Elf:3    | Entered Level 3 of the Elven Halls
 36319 | Elf:3    | Reached skill level 19 in Conjurations
 37001 | Elf:3    | Identified the +12 rapier of the Keeping Fox {flame, Will+
                  | rCorr Str-2 Dex+2}
 37177 | Elf:3    | Noticed a deep elf blademaster
 37186 | Elf:3    | Killed a deep elf blademaster
 37441 | Elf:3    | Noticed a deep elf master archer
 37448 | Elf:3    | Killed a deep elf master archer
 37772 | Elf:3    | Reached skill level 20 in Conjurations
 37906 | Elf:3    | Identified the +3 war axe of Discretion {drain, +Blink rC+}
 38242 | Elf:3    | Reached XP level 19. HP: 91/126 MP: 34/34
 38444 | Elf:3    | Identified the +1 robe "Qaidwa" {-Tele Harm Stlth+}
 38780 | Elf:3    | Noticed a deep elf blademaster
 38791 | Elf:3    | Killed a deep elf blademaster
 39065 | Elf:3    | Offered knowledge of Ozocubu's Refrigeration by Vehumet.
 39075 | Elf:3    | Learned a level 7 spell: Ozocubu's Refrigeration
 39359 | Elf:3    | Found a portal to a secret trove of treasure.
 39552 | Elf:3    | Got a quivering book
 39559 | Elf:3    | Got a moldy book
 39592 | Elf:3    | Identified the +1 glaive of the Fortifying Madman
                  | {antimagic, rPois rC+ Int+5}
 40299 | Swamp:1  | Entered Level 1 of the Swamp
 41421 | Swamp:1  | Identified the scarf "Mishasar" {harm, Int+3}
 42715 | Swamp:3  | Offered knowledge of Fire Storm by Vehumet.
 42715 | Swamp:3  | Offered knowledge of Shatter by Vehumet.
 42715 | Swamp:3  | Offered knowledge of Maxwell's Capacitive Coupling by
                  | Vehumet.
 43406 | Swamp:4  | Entered Level 4 of the Swamp
 43734 | Swamp:4  | Reached XP level 20. HP: 86/133 MP: 34/37
 43753 | Swamp:4  | Reached skill level 15 in Ice Magic
 44254 | Swamp:4  | Noticed the 27-headed Lernaean hydra
 44258 | Swamp:4  | Killed the 27-headed Lernaean hydra
 44539 | Swamp:4  | Got a decaying rune of Zot
 44753 | Spider:1 | Entered Level 1 of the Spider Nest
 45950 | Spider:2 | Noticed Arachne
 45957 | Spider:2 | Killed Arachne
 45958 | Spider:2 | Reached skill level 10 in Evocations
 46055 | Spider:2 | Noticed Roxanne
 46067 | Spider:2 | Killed Roxanne
 46258 | Spider:2 | Found a runed translucent door.
 46258 | Spider:2 | Noticed Takeo's ghost (adept NaSh)
 46375 | Spider:2 | Killed Takeo's ghost
 46387 | Spider:2 | Identified the +1 leather armour of Tiq Husa {rF- rCorr
                  | Dex+8 Stlth-}
 47074 | Spider:3 | Found a transporter.
 47095 | Spider:3 | Found a transporter.
 47100 | Spider:3 | Noticed Duhoah Foli's ghost (adept AtWn)
 47898 | Spider:3 | Killed Duhoah Foli's ghost
 47898 | Spider:3 | Identified the amulet of Xom's Best Wishes {Reflect Dex+4
                  | SH+5}
 47912 | Spider:3 | Reached skill level 21 in Conjurations
 48076 | Spider:4 | Entered Level 4 of the Spider Nest
 48076 | Spider:4 | Noticed Mlioglotl
 48079 | Spider:4 | Reached skill level 1 in Shields
 48080 | Spider:4 | Killed Mlioglotl
 48165 | Spider:4 | Reached XP level 21. HP: 128/138 MP: 36/38
 48622 | Spider:4 | Reached skill level 5 in Shields
 49771 | Spider:4 | Got a gossamer rune of Zot
 50291 | D:14     | Killed Safywk's ghost
 50566 | Vaults:1 | Entered Level 1 of the Vaults
 50650 | Vaults:1 | Noticed Asterion
 50844 | Vaults:1 | Identified the +6 mace of Arrival {elec, Drain Will++}
 51425 | Vaults:1 | Killed Asterion
 51426 | Vaults:1 | Reached skill level 22 in Conjurations
 51610 | Vaults:1 | You are sucked into a shaft and drop 1 floor!
 52592 | Vaults:1 | Noticed Norris
 53027 | Vaults:1 | Killed Norris
 53127 | Vaults:1 | Reached XP level 22. HP: 144/144 MP: 30/39
 53825 | Vaults:2 | Reached skill level 23 in Conjurations
 53825 | Vaults:2 | Noticed Saint Roka
 53833 | Vaults:2 | Killed Saint Roka
 54093 | Vaults:2 | Identified the +0 leather armour of the Buccaneer {Rampage
                  | Str+2 Dex+6}
 54702 | Vaults:2 | Found a staircase to the Crypt.
 54702 | Vaults:2 | Found a basalt altar of Yredelemnul.
 54703 | Vaults:2 | Found an ancient bone altar of Kikubaaqudgha.
 54875 | Vaults:2 | Identified the +7 shortbow of Imminent Death {flame, rPois}
 55585 | Vaults:3 | Identified the +0 morningstar of Prudence {flame, rF+ rN+
                  | Str+3 Dex+3}
 55916 | Vaults:3 | Noticed Mennas
 56008 | Vaults:3 | Identified the +0 trident "Killer Klown's Curse" {freeze,
                  | Dex+3}
 56639 | Vaults:3 | Reached skill level 24 in Conjurations
 57712 | Vaults:4 | Identified the +0 helmet of Vampiric Thralls {Harm rN+}
 58834 | Vaults:4 | Found a transporter.
 58845 | Vaults:4 | Found a transporter.
 58929 | Vaults:4 | Reached skill level 25 in Conjurations
 59068 | Vaults:4 | Reached XP level 23. HP: 150/150 MP: 40/40
 59219 | Vaults:5 | Entered Level 5 of the Vaults
 59731 | Vaults:5 | Noticed Xtahua
 59751 | Vaults:5 | Killed from afar by a fire giant

Illustrated notes

Levels and vault maps discovered:
D:1:      lightli_arrival_quake, layout_loops_cross, minmay_pentomino_v4
D:2:      layout_loops_ring
D:3:      layout_loops_corners, serial_co_window_serial, co_window_paths_a,
          co_window_cross_1, co_window_corner_a, co_window_paths_b,
          co_window_paths_b, co_window_2corner, co_window_cross_3,
          co_window_of_opportunity_b, co_window_2corner, serial_shops, shop
D:4:      layout_loops_corners, serial_shops, shop_fountains, uniq_grinder
D:5:      layout_gridville, temple_hall
D:6:      layout_basic, grunt_ministairs_15,
          hangedman_abyss_or_decor_lesser_grid
D:7:      layout_basic, kennysheep_flooded_box, minmay_misc_feat_five,
          minmay_gold_behind_fungi
D:8:      minmay_recursive_quarters, layout_loops_ring, lemuel_tele_altar,
          old_standard_altar, uniq_pikel, uniq_psyche
D:9:      layout_irregular_city, xom_teletrap_fun, cheibrodos_worm_habitat,
          david_lair_generic
D:10:     layout_loops_ring, minmay_orc_entry_temple_small, uniq_harold,
          uniq_josephine, uniq_snorg
D:11:     layout_long_grid, portal_ice_cave_entry_pillars_1, uniq_fannar,
          uniq_nergalle
D:12:     layout_basic, serial_glass, glass_columns_c, glass_columns_a,
          glass_columns_a, glass_columns_b, glass_columns_b, item_on_display_a,
          minmay_strange_pillars, feat_on_display, item_on_display_a,
          gauntlet_entry_generic, ebering_ghost_disaster_area,
          nicolae_twisting_strands
D:13:     layout_loops_ring, kiku_gazebo_pond_becter, uniq_maurice
D:14:     layout_roguey, hellmonk_vaults_keyhole, bloody_trog,
          gammafunk_ghost_ooze
D:15:     hangedman_depths_entry_civil_slaughter, layout_stronghold,
          reono_crystal_passage, uniq_azrael
Temple:   regret_index_temple_mists
Lair:1:   wander_river, layout_cave_pods, chequers_serial_rivers_micro_c,
          nicolae_quartered_pool_impasse, beast_lair_carwin_1,
          grunt_megastairs_4, uniq_gastronok
Lair:2:   layout_regular_city, hellmonk_spider_entry_not_the_bees,
          grunt_megastairs_1
Lair:3:   cheibrodos_magma_flow, layout_chaotic_city,
          nicolae_swamp_entry_splash_gauntlet, hangedman_lair_unloving_vines
Lair:4:   layout_gridlike, grunt_forest_small_clearing_treed,
          infiniplex_staircase_pool_2, uniq_kirke, uniq_nessos
Lair:5:   gammafunk_lair_ancient_temple, layout_long_grid,
          minmay_slime_entry_oklob_enclosed, lemuel_fruit_fields
Swamp:1:  layout_falls_marsh, nicolae_swamp_big_swirl
Swamp:2:  layout_basic_swamp, hangedman_swamp_cone
Swamp:3:  layout_falls_marsh, evilmike_swamp_ruin_house_5,
          nicolae_swamp_necromancer_hut
Swamp:4:  swamp_old_school, layout_basic_swamp
Spider:1: layout_spider_delve
Spider:2: layout_spider_delve, gammafunk_ghost_grave,
          nicolae_spider_cling_halls, uniq_arachne, uniq_roxanne
Spider:3: layout_spider_delve, gammafunk_ghost_mausoleum,
          spiders_nest_hornet_nest
Spider:4: grunt_spider_rune_circles, uniq_mlioglotl
Orc:1:    layout_diamond_mine, nicolae_shop_firing_range
Orc:2:    hellmonk_orc_salted, layout_caves, basic_altar,
          nicolae_volcano_entry_batcave, uniq_sonja
Elf:1:    minmay_elf_arrival_summoners, layout_loops_corners, serial_shops,
          shop, orc_legates
Elf:2:    elven_hall_of_blades_hangedman_original [nicolae_blade_bullseye],
          layout_onion_city, serial_shops, nicolae_shop_window_shopping,
          uniq_jorgrun
Elf:3:    minmay_elf_hall_quartered_circle, layout_gridlike, enter_trove_5
Vaults:1: nicolae_vaults_network_square, nicolae_vaults_layer_cake_slice,
          nicolae_vaults_surprise_closet_hard, nicolae_vaults_double_plus_3,
          nicolae_vaults_twisting_passages, vaults_mumra_hexcomb, v_misc_19,
          nicolae_vaults_big_ls, v_misc_12,
          vaults_standard_mumra_enter_the_diamond,
          nicolae_vaults_trapezoid_lopsided_1, ontoclasm_vaults_ring_small,
          nicolae_vaults_ring_of_whatevers, layout_vaults_ring, uniq_norris,
          uniq_asterion
Vaults:2: hangedman_vaults_impose, v_misc_10, minmay_crypt_entry_necro_gods,
          ontoclasm_vaults_tryst, v_misc_9, v_alt_pattern_2,
          vaults_room_corners, hangedman_vaults_slice, nicolae_vaults_house_2,
          ontoclasm_vaults_pinch, layout_vaults_chaotic_city, uniq_saint_roka
Vaults:3: nicolae_vaults_shrinking_rooms_2, grunt_vaults_twisty,
          nicolae_vaults_ninety_degrees, v_misc_29,
          nicolae_vaults_little_squares_1, nicolae_vaults_layer_cake_slice,
          nicolae_vaults_little_guard_posts, ontoclasm_vaults_decontamination,
          v_misc_16, nicolae_vaults_tetromino_L_1, layout_vaults_omnigrid,
          uniq_mennas
Vaults:4: nicolae_vaults_tangram_2, gammafunk_sealed_arena,
          nicolae_vaults_triangles, nicolae_vaults_trapezoid_1, v_misc_26,
          nicolae_vaults_two_Ls, hangedman_vaults_capsules,
          nicolae_vaults_swerve, nicolae_vaults_double_plus_2, vaults_mumra_hex,
          layout_vaults_omnicross
Vaults:5: uniq_bai_suzhen, uniq_xtahua

Skill      XL: |  1  2  3  4  5  6  7  8  9 10 11 12 13 14 15 16 17 18 19 20 21 22 |
---------------+-------------------------------------------------------------------+-----
Staves         | 1 9 10 11 | 11.7
Armour         | 1 3 4 5 |  5.0
Conjurations   | 5 7 9 10 14 17 20 21 22 25 | 25.9
Evocations     | 3 6 7 10 | 10.0
Ice Magic      | 8 10 14 15 | 15.9
Dodging        | 3 |  3.0
Fighting       | 5 |  5.0
Earth Magic    | 2 9 |  9.4
Translocations | 4 |  4.0
Spellcasting   | 9 10 11 13 | 13.9
Air Magic      | 3 4 |  4.0
Necromancy     | 10 | 10.0
Shields        | 3 7 |  7.0
Maces & Flails | |  4.0

Action                     |  1- 3 |  4- 6 |  7- 9 | 10-12 | 13-15 | 16-18 | 19-21 | 22-24 || total
---------------------------+-------+-------+-------+-------+-------+-------+-------+-------++-------
  Melee: Mace              |    43 |   167 |   262 |   130 |       |       |       |       ||   602
         Punch             |       |       |     3 |     2 |       |       |       |       ||     5
         Dire flail        |       |       |       |   372 |   807 |   107 |       |       ||  1286
         Whip              |       |       |       |    50 |       |       |       |       ||    50
         Quarterstaff      |       |       |       |       |       |    54 |     6 |       ||    60
         Staff             |       |       |       |       |       |       |    46 |     8 ||    54
   Fire: Hand cannon       |       |       |       |       |       |    11 |       |       ||    11
  Throw: Throwing net      |       |       |       |     3 |       |       |       |       ||     3
         Dart              |       |       |       |       |     5 |     1 |       |       ||     6
   Cast: Shock             |       |       |   102 |   176 |    44 |       |       |       ||   322
         Hailstorm         |       |       |       |    35 |    28 |     9 |       |       ||    72
         Frozen Ramparts   |       |       |       |    14 |    92 |    12 |     1 |       ||   119
         Bombard           |       |       |       |       |    39 |   101 |   293 |   112 ||   545
         Iskenderun's Myst |       |       |       |       |    13 |    87 |   124 |    19 ||   243
         Freezing Cloud    |       |       |       |       |    26 |   124 |    35 |       ||   185
         Orb of Destructio |       |       |       |       |     3 |    19 |    89 |    21 ||   132
         Apportation       |       |       |       |       |       |     1 |       |     2 ||     3
         Sublimation of Bl |       |       |       |       |       |       |    51 |    10 ||    61
         Ozocubu's Refrige |       |       |       |       |       |       |    85 |    73 ||   158
         Borgnjor's Vile C |       |       |       |       |       |       |     1 |       ||     1
         Lesser Beckoning  |       |       |       |       |       |       |       |     2 ||     2
  Evoke: Wand              |       |       |     1 |    37 |     7 |     9 |    14 |       ||    68
         Tin of tremorston |       |       |       |       |       |     2 |       |       ||     2
         Box of beasts     |       |       |       |       |       |     1 |       |       ||     1
         Lightning rod     |       |       |       |       |       |       |     4 |       ||     4
    Use: Scroll            |     5 |     7 |     6 |    13 |    13 |     6 |     5 |     4 ||    59
         Potion            |     1 |     9 |     1 |     5 |     4 |     2 |     4 |     2 ||    28
   Stab: Held in net/web   |       |       |       |     1 |       |       |       |       ||     1
         Sleeping          |       |       |       |       |       |     1 |       |       ||     1
         Distracted        |       |       |       |       |       |     1 |       |       ||     1
 Armour: Robe              |    17 |     6 |       |       |       |       |       |       ||    23
         Ring mail         |       |    46 |       |       |       |       |       |       ||    46
         Leather armour    |       |    38 |   234 |   237 |    48 |   299 |   168 |    53 ||  1077
         Troll leather arm |       |       |       |   259 |   718 |       |       |       ||   977
  Dodge: Dodged            |    28 |   100 |   218 |   364 |   597 |   113 |    47 |    23 ||  1490
  Block: Other             |       |       |       |       |    22 |    54 |    10 |       ||    86
         Reflection        |       |       |       |       |     4 |    19 |     4 |    13 ||    40
         Buckler           |       |       |       |       |       |       |    40 |    21 ||    61
         Form:             |       |       |       |       |       |       |     1 |       ||     1
         Death             |       |       |       |       |       |       |     1 |       ||     1

Table legend: (Time is in decaauts)
 A = Elapsed time spent in this place.
 B = Non-inter-level travel time spent in this place.
 C = Inter-level travel time spent in this place.
 D = Time resting spent in this place.
 E = Time spent auto-exploring this place.
 F = Levels seen in this place.
 G = Mean time per level.
                   A        B        C        D        E       F      G
               +--------+--------+--------+--------+--------+-----+--------+
         Total |  59709 |  56646 |   3063 |  19764 |  25859 |  41 | 1456.3 |
       Dungeon |  19924 |  18516 |   1408 |   4303 |  10544 |  15 | 1328.3 |
        Temple |     39 |      3 |     36 |      0 |      0 |   1 |   39.0 |
          Lair |   6633 |   5918 |    715 |   1281 |   2997 |   5 | 1326.6 |
         Swamp |   4353 |   4172 |    181 |   1418 |   2112 |   4 | 1088.2 |
   Spider Nest |   5348 |   5140 |    208 |   2097 |   2204 |   4 | 1337.0 |
  Orcish Mines |   3091 |   2938 |    153 |   1251 |    728 |   2 | 1545.5 |
   Elven Halls |   8889 |   8734 |    155 |   5370 |   1879 |   3 | 2963.0 |
        Vaults |   9164 |   8961 |    203 |   3326 |   4602 |   5 | 1832.8 |
      Ice Cave |   1509 |   1509 |      0 |    655 |    444 |   1 | 1509.0 |
      Gauntlet |    754 |    754 |      0 |     62 |    348 |   1 |  754.0 |
               +--------+--------+--------+--------+--------+-----+--------+

Top non-repeatable levels by time:
   Elf:1: 3839 daAuts
Vaults:1: 2693 daAuts
   Elf:3: 2539 daAuts
   Elf:2: 2509 daAuts
Vaults:3: 2330 daAuts
   Orc:2: 2132 daAuts
Vaults:2: 2075 daAuts
Vaults:4: 1998 daAuts
    D:14: 1808 daAuts
     D:5: 1793 daAuts
  Lair:1: 1783 daAuts
    D:12: 1684 daAuts
Spider:3: 1680 daAuts
    D:10: 1668 daAuts
Spider:4: 1591 daAuts
